 Dungeon Crawl Stone Soup version 0.27.1-1-g398f81649c (webtiles) character file.

Game seed: 6539257359191836674

429 phibes the Ducker (level 6, -2/43 HPs)
             Began as an Octopode Transmuter on Sept 14, 2021.
             Killed from afar by an orc wizard (16 damage)
             ... with a puff of flame
             ... on level 3 of the Dungeon.
             The game lasted 01:05:43 (6285 turns).

phibes the Ducker (Octopode Transmuter)             Turns: 6285, Time: 01:05:44

Health: -2/43      AC:  1    Str: 11    XL:     6   Next: 98%
Magic:  9/9        EV: 11    Int: 15    God:
Gold:   230        SH:  8    Dex: 13    Spells: 8/9 levels left

rFire    x . .     SeeInvis .   a - +0 dagger
rCold    + . .     Faith    .   k - +0 kite shield
rNeg     . . .     Spirit   .   (helmet restricted)
rPois    .         Reflect  .   (no amulet)
rElec    .         Harm     .   h - ring of ice
rCorr    .         Rampage  .   (no ring)
Will     .....                  (no ring)
Stlth    ++........             (no ring)
HPRegen  0.14/turn              (no ring)
MPRegen  0.11/turn              (no ring)
                                (no ring)
                                (no ring)

@: no status effects
A: almost no armour, amphibious, 8 rings, camouflage 1, gelatinous body 1,
(nimble swimmer 1), tentacles
a: no special abilities


You were on level 3 of the Dungeon.
You visited 1 branch of the dungeon, and saw 3 of its levels.

You collected 288 gold pieces.
You spent 58 gold pieces at shops.

Inventory:

Hand Weapons
 a - a +0 dagger (weapon)
 b - a +0 short sword
 d - a +0 flail
 e - a +0 short sword
 f - a +0 dagger
 o - a +0 short sword
Missiles
 c - 26 poisoned darts (quivered)
Armour
 k - a +0 kite shield (worn)
Jewellery
 h - a ring of ice (left tentacle)
Scrolls
 g - a scroll of magic mapping
 i - 3 scrolls of identify
 j - a scroll of teleportation {unknown}


   Skills:
 + Level 3.7 Fighting
 + Level 3.2 Short Blades
 + Level 4.0 Dodging
 + Level 2.4 Shields
 - Level 3.1 Unarmed Combat
 - Level 2.0 Spellcasting
 - Level 2.0 Transmutations


You had 8 spell levels left.
You knew the following spells:

 Your Spells              Type           Power      Damage    Failure   Level
a - Beastly Appendage     Tmut           14%        N/A       43%         1

Your spell library contained the following spells:

 Spells                   Type           Power      Damage    Failure   Level
 Wereblood                Tmut           7%         N/A       58%         2
 Summon Small Mammal      Summ           4%         N/A       73%         1
 Spider Form              Tmut/Pois      2%         N/A       91%         3
 Call Canine Familiar     Summ           1%         N/A       97%         3
 Summon Guardian Golem    Hex/Summ       1%         N/A       97%         3
 Ice Form                 Ice/Tmut       6%         N/A       100%        4


Dungeon Overview and Level Annotations

Branches:
Dungeon (3/15)

Altars:
Trog

Shops:
D:3 *(([


Innate Abilities, Weirdness & Mutations

You cannot wear most types of armour.
You are amphibious.
You can wear up to eight rings at the same time.
Your skin changes colour to match your surroundings (Stealth+).
Your rubbery body absorbs attacks. (AC +1, EV +1)
((You are camouflaged near water. (Stealth+)))
You have tentacles for arms and can constrict up to eight enemies at once.


Message History

You hit the gnoll. You tentacle-slap the gnoll.
The gnoll is severely wounded.
You constrict the gnoll.
You kill the gnoll!
You hear a splash.
Things that are here:
a +0 club; a gnoll corpse
j - a scroll labelled XOUBIOSHR ICAN You now have 230 gold pieces (gained 10).
Things that are here:
a +0 falchion; a +0 ring mail; an orc corpse You start resting.
A gnoll is nearby!
A gnoll is nearby!
You start resting.
HP restored.
There is a huge open gate here.
An orc comes into view. It is wielding a +0 whip.
An orc wizard comes into view. It is wielding a +0 dagger.
There is a huge open gate here.
The orc wizard shouts!
There is a huge open gate here.
The orc wizard casts a spell at you.
You are confused.
You're too confused to move!
You're too confused to move!
Things that are here:
a +0 club; a gnoll corpse The orc wizard points at you and mumbles some strange words.
The magic dart hits you.
You feel less confused.
The orc wizard points at you and mumbles some strange words.
The puff of flame hits you! The fire burns you terribly!
Things that are here:
a +0 club; a gnoll corpse The orc wizard gestures at you while chanting.
The magic dart hits you! The orc wizard casts a spell at you.
The puff of flame hits you! The fire burns you terribly!
You die...

........#######........#...).....
.............##..................
########)....#########...........
#.....# #........... #.....#
#...........
########.....#########........###
..............................#
#########).##############.....###
................@...........)....
≈≈≈≈≈≈≈≈≈....§≈§≈≈≈≈≈≈≈≈≈)≈)≈)≈≈.
≈≈≈≈≈≈≈≈≈....§§≈≈≈≈≈≈≈≈≈≈≈≈≈≈)≈≈.
≈≈≈≈≈≈≈≈≈....≈≈≈)≈≈≈)≈)≈≈#####≈≈.
............o..).))......#.g.#≈≈.
#########''''#############...#≈≈.
#####....#######.. #'###≈≈P
....'..o.'.....'.. #.#.≈≈≈.
#####....#######.. #.#.≈≈≈.


You could see an orc (wandering).

Vanquished Creatures
  2 hounds (D:3)
  Jessica (D:2)
  Terence (D:2)
  2 orc wizards (D:3)
  12 gnolls (D:3)
  3 adders
  4 worms
  A dart slug (D:1)
  12 orcs (D:3)
  9 ball pythons
  8 bats
  5 endoplasms
  4 giant cockroaches
  8 goblins
  8 hobgoblins
  12 jackals (D:3)
  5 kobolds
  3 quokkas
  3 frilled lizards
  3 rats
106 creatures vanquished.

Vanquished Creatures (others)
  A plant (D:3)
1 creature vanquished.

Grand Total: 107 creatures vanquished

Notes
Turn   | Place    | Note
-------+----------+-------------------------------------------
     0 | D:1      | phibes the Octopode Transmuter began the quest for the Orb.
     0 | D:1      | Reached XP level 1. HP: 13/13 MP: 3/3
   550 | D:1      | Reached XP level 2. HP: 18/18 MP: 5/5
   663 | D:1      | Found a faded altar of an unknown god.
   954 | D:1      | Reached XP level 3. HP: 24/24 MP: 6/6
  1198 | D:1      | Reached skill level 1 in Short Blades
  1512 | D:2      | Noticed Jessica
  1658 | D:2      | Noticed Terence
  1760 | D:3      | Found Onur's Weapon Shop.
  1790 | D:3      | Found Xuhe's Assorted Antiques.
  1972 | D:3      | Found Peorphua's Weapon Boutique.
  2060 | D:3      | Found a bloodstained altar of Trog.
  2254 | D:3      | Reached XP level 4. HP: 29/29 MP: 7/7
  2431 | D:3      | Found Ciba's Armour Shop.
  2463 | D:3      | Bought a +0 kite shield for 58 gold pieces
  2848 | D:2      | Reached skill level 3 in Dodging
  3405 | D:2      | Killed Jessica
  3406 | D:2      | Reached XP level 5. HP: 7/35 MP: 8/8
  3688 | D:2      | Reached skill level 1 in Shields
  3901 | D:2      | Killed Terence
  4564 | D:3      | Reached XP level 6. HP: 10/42 MP: 9/9
  6074 | D:3      | Reached skill level 4 in Dodging
  6285 | D:3      | Killed from afar by an orc wizard

Illustrated notes

Levels and vault maps discovered:
D:1:      shiori_arrival_maze, layout_basic, ebering_ecumenical_altar_box
D:2:      layout_basic, uniq_jessica, uniq_terence
D:3:      lemuel_castle_with_subvaults [lemuel_castle_interior_original],
          layout_basic, lemuel_doored_altar, serial_shops,
          nicolae_shop_waterfront, shop_coins, nicolae_shop_waterfront, shop

Skill      XL: |  1  2  3  4  5  6 |
---------------+-------------------+-----
Short Blades   | 1 2 3 |  3.2
Fighting       | 2 3 |  3.7
Dodging        | 3 4 |  4.0
Shields        | 1 2 |  2.4
Unarmed Combat | |  3.1
Spellcasting   | |  2.0
Transmutations | |  2.0

Action                   |  1- 3 |  4- 6 || total
-------------------------+-------+-------++-------
Melee: Unarmed           |    12 |       ||    12
       Constrict         |    31 |    50 ||    81
       Tentacles         |    20 |    45 ||    65
       Dagger            |   108 |   199 ||   307
       Punch             |     1 |     4 ||     5
Throw: Dart              |       |     7 ||     7
  Use: Scroll            |       |     4 ||     4
       Potion            |       |     3 ||     3
 Stab: Sleeping          |    10 |     6 ||    16
       Distracted        |       |     2 ||     2
Armor: Skin              |    15 |     1 ||    16
Dodge: Dodged            |    82 |    64 ||   146
Block: Kite shield       |       |    46 ||    46
